 Dungeon Crawl Stone Soup version 0.25-a0-555-gc801180 (webtiles) character file.

Game seed: 12817606584533395462, levelgen mode: deterministic

9 Faels the Insei (level 2, 0/21 HPs)
             Began as a Human Transmuter on Feb 23, 2020.
             Slain by a kobold
             ... wielding a +0 dagger
              (2 damage)
             ... on level 1 of the Dungeon.
             The game lasted 00:01:59 (480 turns).

Faels the Insei (Human Transmuter)                   Turns: 480, Time: 00:02:00

Health: 0/21       AC:  2    Str: 10    XL:     2   Next: 20%
Magic:  5/5        EV: 12    Int: 13    God:
Gold:   39         SH:  0    Dex: 13    Spells: 2/5 levels left

rFire    . . .     SeeInvis .     - Unarmed
rCold    . . .     Gourm    .   (no shield)
rNeg     . . .     Faith    .   b - +0 robe
rPois    .         Spirit   .   (no helmet)
rElec    .         Reflect  .   (no cloak)
rCorr    .         Harm     .   (no gloves)
MR       .....                  (no boots)
Stlth    ++........             (no amulet)
HPRegen  0.07/turn              (no ring)
MPRegen  0.09/turn              (no ring)

@: no status effects
A: no striking features
a: no special abilities


You were on level 1 of the Dungeon.
You were not hungry.

You visited 1 branch of the dungeon, and saw 1 of its levels.

You collected 39 gold pieces.

Inventory:

Missiles
 a - 12 arrows
 j - 2 datura-tipped darts (quivered)
 k - 6 poisoned darts
Armour
 b - a +0 robe (worn)
Scrolls
 g - a scroll of fear {unknown}
 h - 2 scrolls of identify {unknown}
 i - a scroll of enchant armour {unknown}
 l - a scroll of enchant weapon {unknown}
Potions
 e - a potion of flight {unknown}
 f - a potion of curing {unknown}
Comestibles
 c - 6 chunks of flesh
 d - 2 rations


   Skills:
 + Level 1.2 Fighting
 + Level 0.0 Throwing
 - Level 2.0 Dodging
 + Level 1.0 Stealth
 - Level 3.0 Unarmed Combat
 + Level 2.1 Spellcasting
 + Level 2.1 Transmutations


You had 2 spell levels left.
You knew the following spells:

 Your Spells              Type           Power        Failure   Level  Hunger
a - Beastly Appendage     Tmut           #.....       11%         1    ##.....
b - Sticks to Snakes      Tmut           #.......     16%         2    ###....

Your spell library contained the following spells:

 Spells                   Type           Power        Failure   Level  Hunger
 Spider Form              Tmut/Pois      #.........   43%         3    ####...
 Ice Form                 Ice/Tmut       #.......     85%         4    #####..
 Blade Hands              Tmut           #.........   96%         5    ######.


Dungeon Overview and Level Annotations

Branches:
Dungeon (1/15)

Altars:


Message History

The kobold misses you.
The kobold refuses to make way for you. (Use ctrl+direction or * direction to attack.)
The kobold refuses to make way for you. (Use ctrl+direction or * direction to attack.)
The kobold refuses to make way for you. (Use ctrl+direction or * direction to attack.)
The kobold hits you with a +0 dagger. The kobold hits you with a +0 dagger.
* * * LOW HITPOINT WARNING * * *
The kobold closely misses you.
The kobold shouts!
The kobold misses you.
The kobold shouts!
The kobold misses you.
The kobold is no longer moving quickly.
The kobold no longer looks unusually strong.
The kobold is no longer in an insane frenzy.
The kobold barely misses you.
Unknown command.
You barely miss the kobold. You closely miss the kobold.
The kobold hits you with a +0 dagger.
You die...

#.#...........#
#####.#.#.........#
........##....###.#
................#.#
..............#.#.#
.......#####..#.#.#
.......#####.>#.#.#
..........###.#'#.#
.......##.##....@.####
.......# .##....K...[#
.......# .##...÷..##.#
.....÷.# ..+.......#.#
..###+## ###.......#[#
#.# #.......#.# #.#
####...[#.# #(#
####..###.# #.....#
#.#


You could see a kobold.

Vanquished Creatures
  3 giant cockroaches (D:1)
  A goblin (D:1)
  2 jackals (D:1)
  A rat (D:1)
7 creatures vanquished.

Notes
Turn   | Place    | Note
-------+----------+-------------------------------------------
     0 | D:1      | Faels the Human Transmuter began the quest for the Orb.
     0 | D:1      | Reached XP level 1. HP: 15/15 MP: 3/3
   293 | D:1      | Reached XP level 2. HP: 21/21 MP: 5/5
   366 | D:1      | Reached skill level 1 in Stealth
   390 | D:1      | Learned a level 2 spell: Sticks to Snakes
   480 | D:1      | Slain by a kobold

Levels and vault maps discovered:
D:1:      lightli_iron_boxes, layout_basic

Skill      XL: |  1  2 |
---------------+-------+-----
Stealth        | 1 |  1.0
Fighting       | |  1.2
Dodging        | |  2.0
Unarmed Combat | |  3.0
Spellcasting   | |  2.1
Transmutations | |  2.1

Action                   || total
-------------------------++-------
Melee: Unarmed           ||    35
       Punch             ||     1
Throw: Dart              ||     1
 Cast: Beastly Appendage ||     1
 Stab: Sleeping          ||     1
Armor: Robe              ||     8
Dodge: Dodged            ||    23

Table legend:
 A = Non-vault XP
 B = Vault XP
 C = Vault XP percentage of total XP
 D = Non-vault monster count
 E = Vault monster count
 F = Vault count percentage of total count
                 A         B        C        D         E       F
            +---------+---------+-------+---------+---------+-------
      Total |      13 |       0 |   0.0 |       7 |       0 |   0.0
            +---------+---------+-------+---------+---------+-------
        D:1 |      13 |       0 |   0.0 |       7 |       0 |   0.0
            +---------+---------+-------+---------+---------+-------
